 Dungeon Crawl Stone Soup version 0.31-a0-232-gb1c03b2570 (webtiles) character file.

Game seed: 7051282166871306760

3 Ijustatesigmund the Stinger (level 1, -1/11 HPs)
             Began as an Octopode Venom Mage on July 7, 2023.
             Slain by a goblin
             ... wielding a +0 club
              (4 damage)
             ... on level 1 of the Dungeon.
             The game lasted 00:00:30 (127 turns).

Ijustatesigmund the Stinger (Octopode Venom Mage)    Turns: 127, Time: 00:00:31

Health: -1/11      AC:  1    Str:  7    XL:     1   Next: 50%
Magic:  3/3        EV: 13    Int: 17    God:
Gold:   20         SH:  0    Dex: 12    Spells: 3/4 levels left

rFire   . . .        b - +0 short sword
rCold   . . .        (no shield)
rNeg    . . .        (helmet restricted)
rPois   .            (no amulet)
rElec   .            (no ring)
rCorr   .            (no ring)
SInv    .            (no ring)
Will    .....        (no ring)
Stlth   +++          (no ring)
HPRegen 0.21/turn    (no ring)
MPRegen 0.08/turn    (no ring)
                     (no ring)

%: no passive effects
@: no status effects
A: almost no armour, amphibious, 8 rings, camouflage 1, gelatinous body 1,
(nimble swimmer 1), tentacles
a: no special abilities


You were on level 1 of the Dungeon.
You visited 1 branch of the dungeon, and saw 1 of its levels.

You collected 20 gold pieces.

Inventory:

Hand Weapons
 b - a +0 short sword (weapon)
Potions
 a - a potion of magic
 c - a potion of cancellation {unknown}


   Skills:
 + Level 0.3 Fighting
 - Level 2.0 Dodging
 - Level 2.6 Stealth
 + Level 2.1 Spellcasting
 - Level 1.0 Transmutations
 + Level 3.7 Poison Magic


You had 3 spell levels left.
You knew the following spells:

 Your Spells              Type           Power      Damage    Failure   Level
a - Sting                 Tmut/Pois      36%        1d4       8%          1

Your spell library contained the following spells:

 Spells                   Type           Power      Damage    Failure   Level
 Poisonous Vapours        Pois/Air       16%        N/A       14%         2
 Mephitic Cloud           Conj/Pois/Air  6%         N/A       34%         3
 Olgreb's Toxic Radiance  Pois           14%        N/A       38%         4


Dungeon Overview and Level Annotations

Branches:
Dungeon (1/15)

Altars:


Innate Abilities, Weirdness & Mutations

You cannot wear most types of armour.
You are amphibious.
You can wear up to eight rings at the same time.
Your skin changes colour to match your surroundings (Stealth+).
Your rubbery body absorbs attacks. (AC +1, EV +1)
((You are camouflaged when in or above water. (Stealth+)))
You have tentacles for arms and can constrict up to eight enemies at once.


Message History

You closely miss the quokka. Your grab misses the quokka. The quokka bites you.
You miss the quokka. You grab the quokka. You squeeze the quokka.
You kill the quokka!
No target in view!
No target in view!
HP restored.
You now have 20 gold pieces (gained 9).
A goblin and a kobold come into view.
Found a shiny onyx ring and 10 gold pieces.
Casting: Sting (safe; 8% risk of failure)
Confirm with . or Enter, or press ? or * to list all spells.
You don't know that spell.
Casting: Sting (safe; 8% risk of failure)
Confirm with . or Enter, or press ? or * to list all spells.
You don't know that spell. 2 quokkas come into view.
The kobold shouts!
The goblin shouts!
The kobold throws a stone.
The stone closely misses you.
The quokka twitches its whiskers.
The kobold misses you.
You barely miss the kobold. You grab the kobold.
You constrict the kobold, but do no damage.
The kobold hits you with a +0 short sword.
The quokka misses you.
You hit the quokka but do no damage. You grab the quokka.
You constrict the kobold, but do no damage.
You constrict the quokka. The kobold barely misses you.
The quokka barely misses you. The quokka closely misses you.
You hit the quokka.
The quokka is severely wounded.
You constrict the kobold. You constrict the quokka.
The kobold hits you with a +0 short sword.
The quokka bites you.
* * * LOW HITPOINT WARNING * * *
The quokka barely misses you.
You release your grip on the kobold.
You release your grip on the quokka.
The kobold attacks as you move away! The kobold barely misses you.
The goblin barely misses you. The goblin attacks as you move away!
The goblin hits you with a +0 club.
You die...

#.#.####.#
#.........#
#.#.###.#<
#........$#
#...###.##
##.........#
#..###.##
..........#
#.####.#
####........##
#..#...#
.......r=....#
##...###
#...g.....# #####
#..Kr@....#
###.#####.#
##.#####.#
#........#
#........#
#........##########
#.................#
#.................#
#.......[.........#


You could see 2 quokkas, a goblin and a kobold.

Vanquished Creatures
  A quokka (D:1)
  A ball python (D:1)
  A frilled lizard (D:1)
  A kobold (D:1)
4 creatures vanquished.

Notes
Turn   | Place    | Note
-------+----------+-------------------------------------------
     0 | D:1      | Ijustatesigmund the Octopode Venom Mage began the quest for
                  | the Orb.
     0 | D:1      | Reached XP level 1. HP: 11/11 MP: 3/3
   127 | D:1      | Slain by a goblin

Illustrated notes

Levels and vault maps discovered:
D:1:      spicycebolla_green_bress_n_ham_2, layout_basic, serial_shops,
          nicolae_shop_statue_plus

Action                     || total
---------------------------++-------
  Melee: Short sword       ||     8
         Unarmed           ||     6
         Constrict         ||     6
         Tentacles         ||     3
         Punch             ||     1
 Armour: Skin              ||     1
  Dodge: Dodged            ||    17

Table legend: (Time is in decaauts)
 A = Elapsed time spent in this place.
 B = Non-inter-level travel time spent in this place.
 C = Inter-level travel time spent in this place.
 D = Time resting spent in this place.
 E = Time spent auto-exploring this place.
 F = Levels seen in this place.
 G = Mean time per level.
                   A        B        C        D        E       F      G
               +--------+--------+--------+--------+--------+-----+--------+
         Total |    126 |    126 |      0 |      0 |     83 |   1 |  126.0 |
       Dungeon |    126 |    126 |      0 |      0 |     83 |   1 |  126.0 |
               +--------+--------+--------+--------+--------+-----+--------+

Top non-repeatable levels by time:
     D:1: 126 daAuts
